 Dungeon Crawl Stone Soup version 0.32-a0-732-ga344392067 (webtiles) character file.

Game seed: 10454365779657764182

22 ColdPorridge the Apothecary (level 2, 0/19 HPs)
             Began as a Coglin Alchemist on Mar 17, 2024.
             Succumbed to a kobold's poison
             ... on level 1 of the Dungeon.
             The game lasted 00:05:22 (934 turns).

ColdPorridge the Apothecary (Coglin Alchemist)       Turns: 934, Time: 00:05:23

Health: 0/19       AC:  2    Str:  8    XL:     2   Next: 91%
Magic:  4/4        EV: 11    Int: 14    God:
Gold:   44         SH:  0    Dex: 14    Spells: 1/4 levels left

rFire   . . .        f - +0 club {Arun}
rCold   . . .        g - +0 club {Daisaku}
rNeg    . . .        a - +0 robe
rPois   .            (no helmet)
rElec   .            (no cloak)
rCorr   .            (no gloves)
SInv    .            (no boots)
Will    .....        (amulet unavailable)
Stlth   ++           (ring unavailable)
HPRegen 0.23/turn    (ring unavailable)
MPRegen 0.09/turn    (no gizmo)

%: no passive effects
@: lethally poisoned (0 -> -31), very slightly contaminated, revving
A: off-hand wielding, slow wielding, warmup strikes, no jewellery
a: Invent Gizmo


You were on level 1 of the Dungeon.
You visited 1 branch of the dungeon, and saw 1 of its levels.

You collected 44 gold pieces.

Inventory:

Hand Weapons
 f - a +0 club (weapon) {Arun}
 g - a +0 club (offhand) {Daisaku}
 i - a +0 dagger
 l - a +0 dagger
Missiles
 h - 7 stones
Armour
 a - a +0 robe (worn)
Magical Staves
 k - a staff of conjuration
Scrolls
 c - a scroll of butterflies
 e - a scroll of blinking
Potions
 m - a potion of mutation


   Skills:
 - Level 1.7 Dodging
 + Level 2.3 Stealth
 - Level 1.7 Spellcasting
 - Level 0.8 Conjurations
 + Level 0.6 Air Magic
 - Level 3.7 Alchemy


You had one spell level left.
You knew the following spells:

 Your Spells              Type           Power      Damage    Failure   Level
a - Sting                 Conj/Alch      28%        1d4       10%         1
b - Mercury Vapours       Alch/Air       14%        N/A       16%         2

Your spell library contained the following spells:

 Spells                   Type           Power      Damage    Failure   Level
 Mephitic Cloud           Conj/Alch/Air  6%         N/A       34%         3
 Ensorcelled Hibernation  Hex/Ice        2%         N/A       36%         2
 Olgreb's Toxic Radiance  Alch           11%        N/A       47%         4
 Fugue of the Fallen      Necr           1%         N/A       58%         3
 Sticky Flame             Fire/Alch      6%         2d4       75%         4
 Anguish                  Hex/Necr       0%         N/A       94%         4


Dungeon Overview and Level Annotations

Branches:
Dungeon (1/15)

Altars:

Annotations:
D:1 exclusion: dart slug


Innate Abilities, Weirdness & Mutations

You can wield a second weapon in your off-hand.
It takes a long time for you to wield or remove held weapons.
Your first few attacks do less damage.
You cannot equip rings or amulets.


Message History

Casting: Mercury Vapours (safe; 16% risk of failure)
Confirm with . or Enter, or press ? or * to list all spells.
Aiming: Mercury Vapours (safe; 16% risk of failure)
Press: ? - help, Dir - move target, f - kobold
Aim: a kobold, wielding a +2 dagger of venom and quivering stones (chance to weaken: 100%) Fumes of mercury billow around the kobold!
The kobold is poisoned.
The kobold looks weaker.
Casting: Mercury Vapours (safe; 16% risk of failure)
Confirm with . or Enter, or press ? or * to list all spells.
Aiming: Sting (safe; 10% risk of failure)
Press: ? - help, Shift-Dir - straight line, f/p - kobold
Aim: a kobold, wielding a +2 dagger of venom and quivering stones (very poisoned, weak, 60% to hit)
The sting misses the kobold.
You completely miss the kobold with your +0 club.
You hit the kobold but do no damage.
The kobold hits you with a +2 dagger of venom.
You are poisoned.
You closely miss the kobold with your +0 club.
You barely miss the kobold with your +0 club.
You feel sick. The kobold hits you but does no damage.
Casting: Sting (safe; 10% risk of failure)
Confirm with . or Enter, or press ? or * to list all spells.
Aiming: Sting (safe; 10% risk of failure)
Press: ? - help, Shift-Dir - straight line, f/p - kobold
Aim: a kobold, wielding a +2 dagger of venom and quivering stones (heavily wounded, very poisoned, weak, 60% to hit)
You miscast Sting.
You are very lightly contaminated with residual magic.
Nothing appears to happen.
You feel sick.
The kobold hits you with a +2 dagger of venom.
You are lethally poisoned!
You barely miss the kobold with your +0 club.
The kobold is heavily wounded.
You hit the kobold with your +0 club.
You feel very sick.
The kobold hits you with a +2 dagger of venom.
You are more poisoned.
The kobold hits you but does no damage.
You are more poisoned.
Magic courses through your body.
You die...

###########.#####.#.#...#..##.#
#......# #.......#.#...#..##.#
###.####.####.#######.....รท..##..
..............#########...##.####
.##.#..#.#####.......##.).##.###.
.........# #.......###.###.....
.####.########.......###.# #####.
.####.# #.....K........# #.....
......# #..#..@....##.## #.###.
####### #..#.......##.####.# #.
#..#...............# #.
#..#.##.##.##.###### ##
#..............# ##
#.....)........### #.
#.##.##.####.....# ## #.##.##.#
#.....# # #.......# #.....# ###


You could see a kobold (poisoned, weak).

Vanquished Creatures
  A dart slug (D:1)
  2 bats (D:1)
  A giant cockroach (D:1)
  3 goblins (D:1)
  3 hobgoblins (D:1)
  5 ball pythons (D:1)
  2 kobolds (D:1)
  2 rats (D:1)
19 creatures vanquished.

Notes
Turn   | Place    | Note
-------+----------+-------------------------------------------
     0 | D:1      | ColdPorridge the Coglin Alchemist began the quest for the
                  | Orb.
     0 | D:1      | Reached XP level 1. HP: 13/13 MP: 3/3
   227 | D:1      | Reached XP level 2. HP: 14/19 MP: 0/4
   321 | D:1      | Learned a level 2 spell: Mercury Vapours
   934 | D:1      | Succumbed to a kobold's poison

Illustrated notes

Levels and vault maps discovered:
D:1:      dpeg_arrival_windows_large_door, layout_loops_cross

Skill      XL: |  1  2 |
---------------+-------+-----
Stealth        | 2 |  2.3
Dodging        | |  1.7
Spellcasting   | |  1.7
Conjurations   | |  0.8
Air Magic      | |  0.6
Alchemy        | |  3.7

Action                     || total
---------------------------++-------
  Melee: Unarmed           ||    10
         Club              ||    41
   Cast: Sting             ||    18
         Mercury Vapours   ||     1
    Use: Scroll            ||     5
         Potion            ||     1
 Armour: Robe              ||    48
  Dodge: Dodged            ||    19

Table legend: (Time is in decaauts)
 A = Elapsed time spent in this place.
 B = Non-inter-level travel time spent in this place.
 C = Inter-level travel time spent in this place.
 D = Time resting spent in this place.
 E = Time spent auto-exploring this place.
 F = Levels seen in this place.
 G = Mean time per level.
                   A        B        C        D        E       F      G
               +--------+--------+--------+--------+--------+-----+--------+
         Total |    941 |    941 |      0 |    213 |    232 |   1 |  941.0 |
       Dungeon |    941 |    941 |      0 |    213 |    232 |   1 |  941.0 |
               +--------+--------+--------+--------+--------+-----+--------+

Top non-repeatable levels by time:
     D:1: 941 daAuts
